 Dungeon Crawl Stone Soup version 0.31-a0-152-g6aa68a64a1 (webtiles) character file.

Game seed: 8732782537805736749

121 qw the Shooter (level 4, -1/40 HPs)
             Began as a Minotaur Hunter on June 10, 2023.
             Succumbed to Duvessa's poison
             ... on level 4 of the Dungeon.
             The game lasted 00:00:54 (2181 turns).

qw the Shooter (Minotaur Hunter)                    Turns: 2181, Time: 00:00:55

Health: -1/40      AC:  8    Str: 16    XL:     4   Next: 77%
Magic:  3/3        EV: 11    Int:  6    God:
Gold:   131        SH:  0    Dex: 15    Spells: 3/3 levels left

rFire   . . .        Y - +0 shortbow
rCold   . . .        (shield currently unavailable)
rNeg    . . .        d - +0 ring mail
rPois   .            (helmet restricted)
rElec   .            (no cloak)
rCorr   .            (no gloves)
SInv    .            h - +2 pair of boots
Will    .....        (no amulet)
Stlth   +            (no ring)
HPRegen 0.26/turn    (no ring)
MPRegen 0.08/turn

%: no passive effects
@: lethally poisoned (-1 -> -34)
A: horns 2, retaliatory headbutt
a: no special abilities


You were on level 4 of the Dungeon.
You visited 1 branch of the dungeon, and saw 4 of its levels.

You collected 131 gold pieces.


Innate Abilities, Weirdness & Mutations

You have a pair of horns on your head.
You reflexively headbutt those who attack you in melee.


   Skills:
 - Level 4.0 Fighting
 + Level 6.0 Ranged Weapons
 - Level 1.0 Armour
 - Level 2.1 Dodging
 - Level 0.7 Stealth


You had 3 spell levels left.
You didn't know any spells.
Your spell library was empty.

Inventory:

Hand Weapons
 Y - a +0 shortbow (weapon)
Armour
 d - a +0 ring mail (worn)
 h - a +2 pair of boots (worn)
Scrolls
 a - a scroll of identify
Potions
 b - a potion of cancellation
 c - a potion of curing
 e - a potion of might {unknown}
 f - a potion of magic {unknown}

Dungeon Overview and Level Annotations

Branches:
Dungeon (4/15)
 Temple: D:4-7

Altars:
Cheibriados
Fedhas
Nemelex Xobeh
Ru
Sif Muna
Vehumet

Annotations:
D:4 Dowan, Duvessa


Message History

The arrow hits Duvessa but does no damage.
Duvessa is heavily wounded.
You feel very sick. Dowan barely misses you. Duvessa misses you.
You shoot an arrow. The arrow hits Duvessa.
Duvessa is heavily wounded.
You feel very sick. Dowan hits you but does no damage.
Duvessa hits you with a +1 short sword of venom.
You are more poisoned.
A goblin comes into view. It is wielding a +0 club.
Duvessa hits you with a +1 short sword of venom.
You are more poisoned.
Dowan completely misses you.
The goblin moves out of view.
You shoot an arrow. The arrow closely misses Duvessa.
You feel extremely sick.
An orc comes into view. It is wielding a +0 short sword.
Dowan hits you but does no damage. Duvessa hits you but does no damage.
You are more poisoned.
2178 ||| DRINKING potion of heal wounds.
You feel much better.
You feel very sick. Dowan hits you but does no damage.
Duvessa hits you with a +1 short sword of venom.
You are lethally poisoned!
You shoot an arrow. The arrow hits Duvessa.
Duvessa is severely wounded.
You feel extremely sick. Dowan hits you but does no damage.
Duvessa closely misses you.
You shoot an arrow. The arrow hits Duvessa.
Duvessa is severely wounded.
You feel extremely sick. Dowan hits you with a +0 dagger.
An orc comes into view. It is wielding a +0 whip.
Duvessa hits you with a +1 short sword of venom!
You are more poisoned.
You shoot an arrow.
The arrow hits Duvessa but does no damage.
Duvessa is severely wounded.
You die...

#####
...# #..#
#..#
###..#
#.<#.#
#.#..#
#.##.##.#
#...e@..#
####e####
#o ..


#go ... .... ...o You could see Duvessa, Dowan, 3 orcs and a goblin.

Vanquished Creatures
  4 adders
  A worm (D:2)
  5 dart slugs
  6 bats
  7 endoplasms
  3 giant cockroaches
  5 goblins
  4 hobgoblins
  4 jackals (D:1)
  5 kobolds
  7 quokkas
  6 ball pythons
  8 frilled lizards
  5 rats
70 creatures vanquished.

Notes
Turn   | Place    | Note
-------+----------+-------------------------------------------
     0 | D:1      | qw the Minotaur Hunter began the quest for the Orb.
     0 | D:1      | Reached XP level 1. HP: 18/18 MP: 0/0
     0 | D:1      | 0 ||| qw: Version: 0.2-a-122-gbc61b45
     0 | D:1      | 0 ||| qw: Game counter: 3489
     0 | D:1      | 0 ||| qw: Always use a shield: true
     0 | D:1      | 0 ||| qw: God list: Okawaru
     0 | D:1      | 0 ||| qw: Allow faded altars: false
     0 | D:1      | 0 ||| qw: Do Orc after D:15 true
     0 | D:1      | 0 ||| qw: Do second Lair branch before Depths: true
     0 | D:1      | 0 ||| qw: Lair rune preference: random
     0 | D:1      | 0 ||| qw: Plans: Normal
     0 | D:1      | 0 ||| PLANNING D:1-11
   315 | D:1      | Reached XP level 2. HP: 25/25 MP: 1/1
   326 | D:1      | Reached skill level 5 in Ranged Weapons
   431 | D:1      | Reached skill level 3 in Fighting
   607 | D:1      | Reached XP level 3. HP: 31/31 MP: 2/2
   973 | D:1      | 973 ||| UPGRADING to +2 pair of boots.
   978 | D:1      | 978 ||| READING scroll labelled JOTTAGG MUQOVO.
   979 | D:1      | 979 ||| READING scroll labelled BUR NE XOUKI.
   980 | D:1      | 980 ||| DROPPING scroll of butterflies.
  1209 | D:2      | Reached skill level 6 in Ranged Weapons
  1209 | D:2      | Reached XP level 4. HP: 29/38 MP: 3/3
  1454 | D:2      | Reached skill level 1 in Armour
  1657 | D:2      | 1657 ||| UPGRADING to +0 ring mail.
  1667 | D:2      | 1667 ||| DROPPING +0 leather armour.
  1668 | D:2      | 1668 ||| READING scroll labelled KUEFETAUPT.
  1669 | D:2      | 1669 ||| READING scroll labelled GODYPS LUCKE.
  1672 | D:2      | 1672 ||| READING scroll labelled IGALEP ESIBAL.
  1673 | D:2      | 1673 ||| DRINKING 2 fizzy silvery potions.
  1675 | D:2      | 1675 ||| Stepping ~*~*~tactically~*~*~ (cloud).
  2027 | D:3      | Found a radiant altar of Vehumet.
  2031 | D:3      | Found a blossoming altar of Fedhas.
  2033 | D:3      | Found a sacrificial altar of Ru.
  2033 | D:3      | Found a sparkling altar of Nemelex Xobeh.
  2034 | D:3      | Found a snail-covered altar of Cheibriados.
  2034 | D:3      | Found a shimmering blue altar of Sif Muna.
  2121 | D:3      | 2121 ||| READING 2 scrolls of identify.
  2121 | D:3      | 2121 ||| IDENTIFYING ruby potion
  2166 | D:4      | Noticed Duvessa
  2166 | D:4      | Noticed Dowan
  2177 | D:4      | HP: 6/40 [poisoned by Duvessa]
  2178 | D:4      | 2178 ||| DRINKING potion of heal wounds.
  2181 | D:4      | Succumbed to Duvessa's poison

Levels and vault maps discovered:
D:1:      lemuel_arrival_lava_pool, layout_loops_corners
D:2:      layout_loops_ring
D:3:      layout_rooms, grunt_temple_overflow_open
D:4:      layout_loops_corners, riverfiend_overflow_shadow_ancestor,
          mainiacjoe_overflow_boulevard, serial_forest,
          infiniplex_forest_corner_1, infiniplex_forest_clump_medium,
          infiniplex_forest_corner_2, infiniplex_forest_corner_1,
          infiniplex_forest_clump_medium, infiniplex_forest_straight_2,
          minmay_bisected, uniq_duvessa, uniq_grinder

Skill      XL: |  1  2  3  4 |
---------------+-------------+-----
Ranged Weapons | 5 6 |  6.0
Fighting       | 3 4 |  4.0
Armour         | 1 |  1.0
Dodging        | |  2.1
Stealth        | |  0.7

Action                     |  1- 3 |  4- 6 || total
---------------------------+-------+-------++-------
   Fire: Shortbow          |   117 |    80 ||   197
    Use: Scroll            |     2 |     4 ||     6
         Potion            |       |     2 ||     2
 Armour: Leather armour    |    14 |     3 ||    17
         Ring mail         |       |    13 ||    13
  Dodge: Dodged            |    36 |    24 ||    60

Table legend:
 A = Non-vault XP
 B = Vault XP
 C = Vault XP percentage of total XP
 D = Non-vault monster count
 E = Vault monster count
 F = Vault count percentage of total count
                 A         B        C        D         E       F
            +---------+---------+-------+---------+---------+-------
      Total |     174 |       0 |   0.0 |      70 |       0 |   0.0
            +---------+---------+-------+---------+---------+-------
        D:1 |      64 |       0 |   0.0 |      36 |       0 |   0.0
        D:2 |      61 |       0 |   0.0 |      20 |       0 |   0.0
        D:3 |      49 |       0 |   0.0 |      14 |       0 |   0.0
            +---------+---------+-------+---------+---------+-------
